 Dungeon Sprint DCSS version 0.20.1-1-g8b1a95d (webtiles) character file.

894 wojtek the Basher (level 7, -7/106 HPs)
             Began as a Minotaur Berserker on Jan 2, 2018.
             Was a Priest of Trog.
             Mangled by a tyrant leech (27 damage)
             ... in the Dungeon (Sprint II: "The Violet Keep of Menkaure").
             The game lasted 00:01:11 (603 turns).

wojtek the Basher (Minotaur Berserker)               Turns: 603, Time: 00:01:12

Health: -7/106     AC:  2    Str: 29    XL:     7   Next: 78%
Magic:  6/6        EV: 15    Int:  4    God:    Trog [***...]
Gold:   972        SH:  0    Dex:  7    Spells: 6/6 levels left

rFire    . . .     SeeInvis .   a - +0 mace
rCold    . . .     Gourm    .   (no shield)
rNeg     . . .     Faith    .   b - +0 animal skin
rPois    .         Spirit   .   (helmet restricted)
rElec    .         Reflect  .   (no cloak)
rCorr    .         Harm     .   (no gloves)
MR       .....     Rnd*Rage +   (no boots) Stlth ..........NoTele +
                                (no amulet)
Regen    0.3/turn               (no ring)
MPRegen  0.1/turn               (no ring)

@: berserking, very quick
A: retaliatory headbutt, horns 2, berserk 1, clumsy 1
a: Berserk, Trog's Hand, Burn Spellbooks, Renounce Religion


You were in the Dungeon.
You worshipped Trog.
Trog was most pleased with you.
You were near starving.

You visited 1 branch You collected 972 gold pieces.

Inventory:

Hand Weapons
 a - a +0 mace (weapon)
Armour
 b - a +0 animal skin (worn)
Scrolls
 i - a scroll of blinking
Potions
 d - a potion of curing
 e - a potion of heal wounds
 f - a potion of haste
 g - 2 potions of magic
 h - a potion of berserk rage
Comestibles
 c - a bread ration


   Skills:
 + Level 9.9 Fighting
 * Level 13.0 Maces & Flails
 + Level 9.4 Armour
 + Level 8.7 Dodging


You had 6 spell levels left.
You didn't know any spells.

Dungeon Overview and Level Annotations

Branches:
Dungeon (1/1)

Altars:


Innate Abilities, Weirdness & Mutations

You reflexively headbutt those who attack you in melee.
You have a pair of horns on your head.
You tend to lose your temper in combat.
You are clumsy. (Dex -2)


Message History

You barely miss the tyrant leech.
The tyrant leech is lightly wounded.
You sock the tyrant leech!
The tyrant leech is moderately wounded.
The tyrant leech closely misses you. You furiously retaliate!
You headbutt the tyrant leech.
You are near starving!
You miss the tyrant leech.
The tyrant leech is moderately wounded.
You sock the tyrant leech! You headbutt the tyrant leech!
The tyrant leech is severely wounded.
The tyrant leech bites you!!
* * * LOW HITPOINT WARNING * * *
The tyrant leech draws strength from your injuries!
You hit the tyrant leech. Your headbutt misses the tyrant leech.
The tyrant leech is heavily wounded.
You sock the tyrant leech!
The tyrant leech is severely wounded.
The tyrant leech bites you!!
You die...

#+## ###..##
#.##..#
####.#.####
##.###'###.##
#.#.##.##t..#
+##.'.<@w###'..#
#..##.##...#....#
#.###'###.##......
####÷#.#### .....
#.###.# ≈≈≈..
##.#.## ≈≈§. ##+##
≈§≈≈


You could see a tyrant leech and a crocodile.

Vanquished Creatures
  2 hippogriffs (D)
  4 neqoxecs (D)
  3 worms (D)
9 creatures vanquished.

Vanquished Creatures (others)
  Menkaure (D)
1 creature vanquished.

Grand Total: 10 creatures vanquished

Notes
Turn   | Place    | Note
-------+----------+-------------------------------------------
     0 | D        | wojtek the Minotaur Berserker began the quest for the Orb.
     0 | D        | Reached XP level 1. HP: 19/19 MP: 0/0
     7 | D        | Reached skill level 4 in Maces & Flails
    20 | D        | Reached ** piety under Trog
    20 | D        | Reached skill level 5 in Maces & Flails
    20 | D        | Reached XP level 2. HP: 7/27 MP: 1/1
   122 | D        | Killed Menkaure
   235 | D        | Noticed a tyrant leech
   238 | D        | Noticed a hippogriff
   238 | D        | Noticed a hippogriff
   244 | D        | Killed a hippogriff
   244 | D        | Reached skill level 9 in Maces & Flails
   244 | D        | Reached skill level 5 in Dodging
   244 | D        | Reached XP level 3. HP: 26/38 MP: 2/2
   244 | D        | Reached XP level 4. HP: 31/45 MP: 3/3
   244 | D        | Reached XP level 5. HP: 35/51 MP: 4/4
   248 | D        | Killed a hippogriff
   248 | D        | Reached skill level 11 in Maces & Flails
   248 | D        | Reached XP level 6. HP: 24/61 MP: 5/5
   471 | D        | Noticed a neqoxec
   471 | D        | Noticed a neqoxec
   471 | D        | Noticed a neqoxec
   471 | D        | Noticed a neqoxec
   476 | D        | Killed a neqoxec
   476 | D        | Reached *** piety under Trog
   480 | D        | Gained mutation: You tend to lose your temper in combat. [a neqoxec]
   484 | D        | Gained mutation: You are clumsy. (Dex -2) [a neqoxec]
   485 | D        | Killed a neqoxec
   485 | D        | Reached skill level 12 in Maces & Flails
   485 | D        | Reached XP level 7. HP: 70/70 MP: 6/6
   491 | D        | Killed a neqoxec
   493 | D        | Killed a neqoxec
   493 | D        | Reached skill level 13 in Maces & Flails
   603 | D        | Mangled by a tyrant leech

Skill      XL: |  1  2  3  4  5  6  7 |
---------------+----------------------+-----
Maces & Flails | 5 9 11 12 13 | 13.0
Fighting       | 4 6 8 9 |  9.9
Armour         | 3 6 7 8 9 |  9.4
Dodging        | 3 5 7 8 |  8.7

Action                   |  1- 3 |  4- 6 |  7- 9 || total
-------------------------+-------+-------+-------++-------
Melee: Mace              |    19 |    15 |    20 ||    54
       Headbutt          |     4 |     5 |     6 ||    15
Invok: Berserk           |     1 |     1 |     1 ||     3
Armor: Animal skin       |     3 |       |     1 ||     4
Dodge: Dodged            |     9 |     7 |     5 ||    21
